Map: Cactus Valley LE (Void)

Players

SuarezBitMe

  • Race: Zerg Zerg

Bop - Winner!

  • Race: Zerg Zerg

VOD

Have the link to the VOD?

Description

Time

  • Played on: May 6, 2015, 5:05 a.m.
  • Length: 3:42
Show
View Real Time Build Order
Export as new Build Order

SuarezBitMe Zerg 

Build Orders: 3 Hatch before Pool 

Get SALT Encoding   

  12  0:08  Drone  
  12  0:12  Drone  
  14  0:21  Overlord  
  14  0:42  Drone x2  
  16  0:51  Hatchery  
  15  0:57  Drone  
  15  1:02  Drone  
  17  1:23  Hatchery  
  16  1:35  Spawning Pool  
  16  1:39  Drone  
  16  1:42  Drone  
  17  1:56  Drone  
  17  1:57  Drone  
  19  2:03  Extractor  
  19  2:04  Drone  
  19  2:15  Drone  
  20  2:19  Drone  
  21  2:25  Queen x2  
  21  2:27  Drone  
  21  2:28  Zergling x2  
  27  2:30  Drone  
  27  2:35  Zergling x2  
  29  2:37  Zergling x2  
  29  2:41  Zergling x2  
  31  2:45  Zergling x2  
  31  2:47  Zergling x2  
  33  2:56  Zergling x2  
  33  2:58  Overlord  
  33  3:09  Zergling x2  
  33  3:19  Zergling x12  
Show
View Real Time Build Order
Export as new Build Order

Bop Zerg - Winner!

Build Orders: Hatch First 

Get SALT Encoding   

  12  0:00  Drone  
  13  0:13  Overlord  
  13  0:17  Drone  
  14  0:31  Drone x2  
  14  0:35  Drone  
  17  0:47  Drone  
  18  0:56  Hatchery  
  17  1:02  Drone, Extractor  
  17  1:13  Spawning Pool  
  17  1:16  Drone  
  17  1:25  Drone  
  18  1:30  Drone  
  19  2:00  Zergling x4  
  21  2:03  Metabolic Boost  
  21  2:06  Zergling x2  
  21  2:07  Queen  
  24  2:09  Queen  
  24  2:10  Overlord  
  26  2:16  Zergling x2  
  27  2:26  Zergling x2  
  28  2:30  Zergling x4  
  28  2:34  Baneling Nest  
  28  2:36  Zergling x2  
  30  2:42  Zergling x2  
  31  2:55  Zergling x6  
  34  3:02  Overlord  
  34  3:08  Zergling x2  
  35  3:15  Zergling x2  
  36  3:23  Zergling x12  
Tags
 
Add a new tag
Caveats
  • Supply blocks, unpowered buildings, or Contaminate may cause inaccurate times.
  • Supply counts are checked every 10 seconds.